Map: Lost and Found LE

Players

Demented - Winner!

  • Race: Zerg Zerg
  • League: Platinum
  • Spawn Location: 1:00

GoodBye

  • Race: Terran Terran
  • League: Platinum
  • Spawn Location: 7:00

VOD

Have the link to the VOD?

Description

Time

  • Played on: Sept. 30, 2018, 9:52 a.m.
  • Length: 3:13
Show
View Real Time Build Order
Export as new Build Order

Demented Zerg - Winner!

Build Orders: Hatch First 

Get SALT Encoding   

  12  0:01  Drone  
  13  0:15  Overlord  
  13  0:16  Drone  
  14  0:33  Drone  
  14  0:34  Drone  
  16  0:37  Drone  
  17  0:55  Hatchery  
  17  0:56  Drone  
  17  1:03  Drone  
  18  1:10  Extractor  
  17  1:17  Spawning Pool  
  16  1:21  Drone  
  16  1:22  Drone  
  18  1:31  Drone  
  19  1:59  Overlord  
  19  2:03  Queen  
  19  2:04  Zergling x2  
  19  2:07  Queen  
  19  2:08  Zergling x4  
  26  2:17  Zergling x2  
  26  2:18  Zergling x2  
  28  2:25  Zergling x2  
  28  2:29  Zergling x2  
  30  2:36  Zergling x2  
  31  2:39  Zergling x2  
  31  2:48  Zergling x2  
  32  2:53  Zergling x2  
  32  2:54  Baneling Nest  
Show
View Real Time Build Order
Export as new Build Order

GoodBye Terran 

Build Orders: Reaper Expand 

Get SALT Encoding   

  12  0:01  SCV  
  13  0:14  SCV  
  13  0:17  Supply Depot  
  14  0:26  SCV  
  15  0:34  Refinery  
  15  0:42  Barracks  
  15  0:45  SCV  
  16  0:57  SCV  
  17  1:09  SCV  
  18  1:21  SCV  
  19  1:30  Reaper  
  20  1:34  Orbital Command  
  20  1:43  Command Center  
  20  1:52  Supply Depot  
  20  2:03  Factory  
  20  2:11  SCV  
  21  2:16  Barracks Reactor  
  21  2:19  Refinery  
  21  2:41  SCV  
Tags
 
Add a new tag
Caveats
  • Supply blocks, unpowered buildings, or Contaminate may cause inaccurate times.
  • Supply counts are checked every 10 seconds.